 Dungeon Crawl Stone Soup version 0.18.1-8-gdd0e5ea (webtiles) character file.

135 Elvalys the Firebug (level 4, 0/24 HPs)
             Began as a Deep Elf Fire Elementalist on May 24, 2016.
             Slain by an orc priest (1 damage)
             ... on level 3 of the Dungeon.
             The game lasted 00:11:39 (2195 turns).

Elvalys the Firebug (Deep Elf Fire Elementalist)    Turns: 2195, Time: 00:11:40

Health: 0/24       AC:  2    Str:  5    XL:     4   Next: 96%
Magic:  1/12       EV: 18    Int: 21    God:
Gold:   130        SH:  0    Dex: 20    Spells: 2 memorised, 8 levels left

rFire  . . .     SeeInvis .     g - +0 dagger (venom)
rCold  . . .     Gourm    .     a - +0 robe
rNeg   . . .     Faith    .     (no shield)
rPois  +         Spirit   .     (no helmet)
rElec  .         Dismiss  .     (no cloak)
rCorr  .         Reflect  .     (no gloves)
SustAt .         Harm     .     (no boots)
MR     .....                    (no amulet)
Stlth  ++++......               (no ring)
                                k - ring of poison resistance

@: agile, about to teleport, not resistant to hostile enchantments, stealthy
A: no striking features
a: no special abilities


You were on level 3 of the Dungeon.
You were not hungry.

You visited 1 branch of the dungeon, and saw 3 of its levels.

You collected 130 gold pieces.

Inventory:

Hand Weapons
 g - a +0 dagger of venom (weapon)
 n - a +2 whip of draining
 r - a +0 dagger of electrocution
 t - a +0 blowgun
Missiles
 s - 8 poisoned needles
Armour
 a - a +0 robe (worn)
Jewellery
 k - a ring of poison resistance (left hand)
Scrolls
 e - a scroll of identify
 h - a scroll of noise {unknown}
 q - 2 scrolls of magic mapping
Books
 b - a book of Flames

   Spells                             Type                      Level
   a - Flame Tongue                   Conjuration/Fire             1
   b - Throw Flame                    Conjuration/Fire             2
   c - Conjure Flame                  Conjuration/Fire             3
   d - Inner Flame                    Hexes/Fire                   3
   e - Sticky Flame                   Conjuration/Fire             4
   f - Fireball                       Conjuration/Fire             5
Comestibles
 c - 2 bread rations
 d - a meat ration
 f - 2 chunks of flesh
 i - a beef jerky
 j - 5 fruits
 p - a slice of pizza


   Skills:
 - Level 2.4 Dodging
 + Level 3.0 Stealth
 * Level 4.3 Spellcasting
 * Level 2.7 Conjurations
 + Level 4.7 Fire Magic


You had 8 spell levels left.
You knew the following spells:

 Your Spells              Type           Power        Failure   Level  Hunger
a - Flame Tongue          Conj/Fire      ###..        2%          1    None
b - Throw Flame           Conj/Fire      ###...       4%          2    #......


Dungeon Overview and Level Annotations

Branches:
Dungeon (3/15)

Altars:


Message History

It was a potion of agility.
You feel agile all of a sudden.
The orc wizard casts a spell.
The orc wizard seems to speed up.
The orc priest invokes the aid of Beogh against you.
Pain shoots through your body!
* * * LOW HITPOINT WARNING * * *
Read which item? (? for menu, Esc to quit)
As you read the scroll labeled UROMIA NAUTU, it crumbles to dust.
It is a scroll of identify.
Identify which item? (\ to view known items) (? for menu, Esc to quit)
q - 2 scrolls of magic mapping The orc wizard barely misses you.
The orc priest barely misses you.
Read which item? (? for menu, Esc to quit)
As you read the scroll labeled XECVOR AFINIR, it crumbles to dust.
You feel strangely unstable.
It was a scroll of teleportation.
The orc wizard barely misses you.
The orc wizard hits you but does no damage.
The orc priest hits you.
You die...

#.####.################
#............. ......
######'###### ####..
#........# +..
#........# #..
#........# ###
#....)...# #####o####
#@# #o# #o# #.# #.# #'#
#.......# #.......#
...).o..#


You could see 2 orc priests and an orc wizard.

Vanquished Creatures
  An orc wizard (D:3)
  2 adders (D:2)
  An ooze (D:2)
  A worm (D:2)
  4 dart slugs
  4 giant geckos
  2 orcs (D:3)
  5 bats
  3 giant cockroaches
  6 goblins
  7 hobgoblins
  9 jackals (D:2)
  A quokka (D:2)
  A ball python (D:1)
  3 giant newts
  8 kobolds
  6 rats
64 creatures vanquished.

Notes
Turn   | Place    | Note
--------------------------------------------------------------
     0 | D:1      | Elvalys the Deep Elf Fire Elementalist began the quest for the Orb.
     0 | D:1      | Reached XP level 1. HP: 10/10 MP: 6/6
   189 | D:1      | Reached XP level 2. HP: 15/15 MP: 5/8
   193 | D:1      | Learned a level 2 spell: Throw Flame
   709 | D:1      | Reached XP level 3. HP: 19/19 MP: 9/9
  1503 | D:2      | Reached XP level 4. HP: 12/24 MP: 1/11
  2193 | D:3      | HP: 1/24 [orc priest/nerve-wracking pain (1)]
  2195 | D:3      | Slain by an orc priest

Skill      XL: |  1  2  3  4 |
---------------+-------------+-----
Fire Magic     | 4 |  4.7
Stealth        | 3 |  3.0
Conjurations   | 2 |  2.7
Spellcasting   | 4 |  4.3
Dodging        | |  2.4

Action                   |  1- 3 |  4- 6 || total
-------------------------+-------+-------++-------
Melee: Dagger            |    17 |    16 ||    33
 Cast: Flame Tongue      |    43 |    13 ||    56
       Throw Flame       |    26 |    18 ||    44
  Use: Scroll            |       |     2 ||     2
       Potion            |       |     2 ||     2
 Stab: Sleeping          |     1 |       ||     1
  Eat: Chunk             |     2 |     3 ||     5
Armor: Robe              |     5 |     4 ||     9
Dodge: Dodged            |    14 |    23 ||    37
